 Dungeon Crawl Stone Soup version 0.18.1-5-g4a78601 (webtiles) character file.

14 xenogear85 the Grave Robber (level 2, 0/22 HPs)
             Began as a Deep Dwarf Necromancer on May 13, 2016.
             Slain by a hobgoblin (3 damage)
             ... on level 1 of the Dungeon.
             The game lasted 00:06:40 (343 turns).

xenogear85 the Grave Robber (Deep Dwarf Necromancer) Turns: 343, Time: 00:06:41

Health: 0/22       AC:  2    Str: 11    XL:     2   Next: 31%
Magic:  4/4        EV: 12    Int: 15    God:
Gold:   0          SH:  0    Dex: 13    Spells: 1 memorised, 3 levels left

rFire  . . .     SeeInvis .     k - +0 hand axe
rCold  . . .     Gourm    .     a - +0 robe
rNeg   . . .     Faith    .     (no shield)
rPois  .         Spirit   .     (no helmet)
rElec  .         Dismiss  .     (no cloak)
rCorr  .         Reflect  .     (no gloves)
SustAt .         Harm     .     (no boots)
MR     .....                    (no amulet)
Stlth  ++........               (no ring)
                                (no ring)

@: non-regenerating, not resistant to hostile enchantments, unstealthy
A: damage resistance, recharge devices, sense surroundings 1, slow regeneration
3
a: Device Recharging


You were on level 1 of the Dungeon.
You were not hungry.

You visited 1 branch of the dungeon, and saw 1 of its levels.

Inventory:

Hand Weapons
 g - a +0 dagger
 j - a +0 hunting sling
 k - a +0 hand axe (weapon)
 m - a +0 dagger
 o - a cursed +0 dagger
Missiles
 n - 20 stones (quivered)
Armour
 a - a +0 robe (worn)
 l - a +0 helmet
Wands
 c - a wand of heal wounds (5/9)
Scrolls
 f - a scroll of identify {unknown}
 h - a scroll of remove curse {unknown}
 i - a scroll of enchant armour {unknown}
Potions
 e - a potion of mutation {unknown}
Books
 b - a book of Necromancy

   Spells                             Type                      Level
   a - Pain                           Necromancy                   1
   b - Animate Skeleton               Necromancy                   1
   c - Vampiric Draining              Necromancy                   3
   d - Regeneration                   Charms/Necromancy            3
   e - Animate Dead                   Necromancy                   4
   f - Control Undead                 Necromancy                   4
Comestibles
 d - a bread ration


   Skills:
 + Level 2.5 Dodging
 + Level 2.5 Stealth
 + Level 1.8 Spellcasting
 + Level 4.8 Necromancy


You had 3 spell levels left.
You knew the following spells:

 Your Spells              Type           Power        Failure   Level  Hunger
a - Pain                  Necr           ###.         3%          1    ##.....


Dungeon Overview and Level Annotations

Branches:
Dungeon (1/15)

Altars:


Innate Abilities, Weirdness & Mutations

You are resistant to damage.
You can recharge devices by infusing magical energy.
You passively map a small area around you.
You do not regenerate naturally.


Message History

a club; a short sword; a kobold corpse You found a teleport trap!
Really walk into that teleport trap?
Okay, then.
A hobgoblin comes into view.
The hobgoblin shouts!
A hobgoblin is nearby!
You completely miss the hobgoblin. The hobgoblin hits you.
* * * LOW HITPOINT WARNING * * *
You hit the hobgoblin but do no damage. The hobgoblin misses you.
You hit the hobgoblin but do no damage. The hobgoblin barely misses you.
You closely miss the hobgoblin. The hobgoblin barely misses you.
The hobgoblin misses you.
You closely miss the hobgoblin. The hobgoblin hits you.
* * * LOW HITPOINT WARNING * * *
You closely miss the hobgoblin. The hobgoblin barely misses you.
You hit the hobgoblin.
The hobgoblin is severely wounded.
The hobgoblin barely misses you. The hobgoblin hits you.
You die...

...## ##..#
#.#.#.........##
..## ##.†## *
#.##.#.#..#####..#
†## ##..##
#.##...#........#.8
.# ##..## *
#.##...#)######..#.
.###..## *
#.##.........#*
.#...## *
#.##.#.......#
...###
#.##.#.......# *
.###
,#.##.#.......# .#
#.@..#.......# ##
,#g####..>....# *
** #.# #.......# *
* #.. ,#......^# **
* #.## #.......# ,
, , ... ,#.......#
* , ,* .#.
#.......# , ,.,.
#.####+## * .# #.
#. *


You could see a hobgoblin.

Vanquished Creatures
  A dart slug (D:1)
  A bat (D:1)
  A giant cockroach (D:1)
  A goblin (D:1)
  2 hobgoblins (D:1)
  3 kobolds (D:1)
  A rat (D:1)
10 creatures vanquished.

Notes
Turn   | Place    | Note
--------------------------------------------------------------
     0 | D:1      | xenogear85 the Deep Dwarf Necromancer began the quest for the Orb.
     0 | D:1      | Reached XP level 1. HP: 15/15 MP: 3/3
   184 | D:1      | Reached XP level 2. HP: 16/22 MP: 4/4
   343 | D:1      | Slain by a hobgoblin

Action                   || total
-------------------------++-------
Melee: Dagger            ||    18
       Hand axe          ||    34
Armor: Robe              ||     5
Dodge: Dodged            ||    33
